 Dungeon Sprint DCSS version 0.31.0-9-g3a7656b989 (webtiles) character file.

Game seed: 11370934566547139044

430 Groucho the Protected (level 6, -1/62 HPs)
             Began as a Minotaur Fighter on Jan 26, 2024.
             Was a Follower of Qazlal.
             Slain by a human (10 damage)
             ... in the Dungeon (Sprint III: "The Ten Rune Challenge").
             The game lasted 00:03:46 (1377 turns).

Groucho the Protected (Minotaur Fighter)            Turns: 1377, Time: 00:03:46

Health: -1/62      AC:  8    Str: 22    XL:     6   Next: 66%
Magic:  8/9        EV:  9    Int:  5    God:    Qazlal [*.....]
Gold:   38         SH:  7    Dex: 10    Spells: 5/5 levels left

rFire   . . .        a - +0 flail
rCold   . . .        c - +0 buckler
rNeg    . . .        b - +0 scale mail
rPois   .            (helmet restricted)
rElec   .            (no cloak)
rCorr   .            (no gloves)
SInv    .            (no boots)
Will    .....        (no amulet) Stlth
                     (no ring)
HPRegen 0.30/turn    (no ring)
MPRegen 0.11/turn

%: no teleportation
@: no status effects
A: horns 2, retaliatory headbutt
a: Renounce Religion


You were in the Dungeon.
You worshipped Qazlal.
Qazlal was aware of your devotion.
You visited 1 branch You collected 38 gold pieces.

Inventory:

Hand Weapons
 a - a +0 flail (weapon)
Armour
 b - a +0 scale mail (worn)
 c - a +0 buckler (worn)
Scrolls
 l - 2 scrolls of torment {unknown}
 m - 2 scrolls of identify {unknown}
Potions
 h - 2 potions of magic
 k - 4 potions of mutation
 n - a potion of enlightenment {unknown}
 o - a potion of brilliance {unknown}
Miscellaneous
 d - a lightning rod (4/4)


   Skills:
 + Level 8.7 Fighting
 + Level 8.2 Maces & Flails
 + Level 8.7 Armour
 + Level 8.7 Shields
 + Level 5.6 Invocations


You had 5 spell levels left.
You didn't know any spells.
Your spell library was empty.

Dungeon Overview and Level Annotations

Branches:
Dungeon (1/1)

Altars:
Cheibriados
Dithmenos
Fedhas
Gozag
Hepliaklqana
Makhleb
Nemelex Xobeh
Okawaru
Qazlal
Ru
Trog
Uskayaw
Vehumet
Wu Jian
Xom
Yredelemnul
Jiyva
Lugonu


Innate Abilities, Weirdness & Mutations

You have a pair of horns on your head.
You reflexively headbutt those who attack you in melee.


Message History

You headbutt the human, but do no damage.
The human is severely wounded.
You block the human's attack. x2; The human closely misses you.
You hit the human.
The human is severely wounded.
The human closely misses you. The human hits you!
* * * LOW HITPOINT WARNING * * *
You closely miss the human. Your headbutt misses the human.
The human is severely wounded.
The human hits you.
* * * LOW HITPOINT WARNING * * *
You block the human's attack. The human barely misses you.
You furiously retaliate!
You headbutt the human!
Unknown command.
Okay, then.
Okay, then.
You miss the human.
The human is almost dead.
You block the human's attack. x2
You sock the human!
You kill the human!
Qazlal accepts your kill.
You are now surrounded by a storm.
You block the human's attack.
Your Fighting skill increases to level 8!
Your Maces & Flails skill increases to level 8!
Your Armour skill increases to level 8!
Your Shields skill increases to level 8!
Your Invocations skill increases to level 5!
Unknown command.
You barely miss the human.
The human is lightly wounded.
The human hits you.
* * * LOW HITPOINT WARNING * * *
You closely miss the human. You headbutt the human.
The human is moderately wounded.
The human hits you but does no damage.
You sock the human! Your headbutt misses the human.
The human is severely wounded.
The human hits you!
You die...

▓▓▓▓▓▓▓▓▓ ▓▓
▓<..#(..#### ##.
▓...#......#####..
▓..##.......#..#..
▓##.##.##...#..#..
##.##.###p.##'#..
▓#†####.##..###...
▓@###..##..####...
▓#p....##..###.pp.
###..##...##.....
##..##....#......
#..###..##p#.....
#..# #.. ####....
▓▓▓▓ ▓▓▓ ▓▓▓▓▓


You could see a human (strong).

Vanquished Creatures
  A necrophage (D)
  A scorpion (D)
  A water elemental (D)
  A jelly (D)
  Jessica (D)
  A necromancer (D)
  2 humans (D)
  2 endoplasms (D)
  A rat (D)
11 creatures vanquished.

Notes
Turn   | Place    | Note
-------+----------+-------------------------------------------
     0 | D        | Groucho the Minotaur Fighter began the quest for the Orb.
     0 | D        | Reached XP level 1. HP: 19/19 MP: 0/0
   140 | D        | Noticed Jessica
   151 | D        | Killed Jessica
   152 | D        | Reached skill level 5 in Fighting
   152 | D        | Reached skill level 5 in Armour
   152 | D        | Reached skill level 5 in Shields
   152 | D        | Reached XP level 2. HP: 29/29 MP: 1/1
   152 | D        | Reached XP level 3. HP: 36/36 MP: 2/2
   177 | D        | Reached skill level 1 in Invocations
   353 | D        | Noticed a scorpion
   359 | D        | Killed a scorpion
   360 | D        | Reached skill level 5 in Maces & Flails
   360 | D        | Reached XP level 4. HP: 36/44 MP: 2/5
   395 | D        | Noticed a water elemental
   406 | D        | Killed a water elemental
   407 | D        | Reached XP level 5. HP: 39/52 MP: 6/6
   736 | D        | Found a radiant altar of Vehumet.
   937 | D        | Found a blossoming altar of Fedhas.
   937 | D        | Found a stormy altar of Qazlal.
   937 | D        | Found a snail-covered altar of Cheibriados.
   937 | D        | Found a burning altar of Makhleb.
   937 | D        | Found a shimmering altar of Xom.
   938 | D        | Found a hazy altar of Hepliaklqana.
   938 | D        | Found an opulent altar of Gozag.
   938 | D        | Found a sparkling altar of Nemelex Xobeh.
   938 | D        | Found a corrupted altar of Lugonu.
   938 | D        | Found a viscous altar of Jiyva.
   938 | D        | Noticed a spatial vortex
   941 | D        | Became a worshipper of Qazlal Stormbringer
  1292 | D        | Found a shadowy altar of Dithmenos.
  1298 | D        | Reached XP level 6. HP: 59/61 MP: 8/8
  1298 | D        | Found a basalt altar of Yredelemnul.
  1298 | D        | Found a sacrificial altar of Ru.
  1310 | D        | Found a hide-covered altar of Uskayaw.
  1310 | D        | Found an iron altar of Okawaru.
  1311 | D        | Found a bloodstained altar of Trog.
  1311 | D        | Found an ornate altar of the Wu Jian Council.
  1311 | D        | Noticed a human
  1311 | D        | Noticed a human
  1374 | D        | Killed a human
  1374 | D        | Reached * piety under Qazlal
  1375 | D        | Reached skill level 5 in Invocations
  1377 | D        | Slain by a human

Illustrated notes

Levels and vault maps discovered:
D:        dungeon_sprint_mu [sprint_mu_entry_cave, sprint_mu_temple_rooms,
          sprint_mu_d1_spiders, sprint_mu_d2_genie, sprint_mu_d3_branching,
          sprint_mu_orc_legion, sprint_mu_elf_gauntlet, sprint_mu_hive_nellie,
          sprint_mu_lair_fedhas, sprint_mu_vaults_butterflies,
          sprint_mu_slime_circle, sprint_mu_swamp_cave, sprint_mu_snake_twists,
          sprint_mu_blade_basic, sprint_mu_crypt_chambers,
          sprint_mu_tomb_spiral, sprint_mu_vestibule_basic,
          sprint_mu_gehenna_hellfire, sprint_mu_dis_giant,
          sprint_mu_tartarus_statrot, sprint_mu_cocytus_islands, sprint_mu_zot1]

Skill      XL: |  1  2  3  4  5  6 |
---------------+-------------------+-----
Fighting       | 5 6 7 8 |  8.7
Armour         | 5 6 7 8 |  8.7
Shields        | 5 6 7 8 |  8.7
Maces & Flails | 4 5 6 7 8 |  8.2
Invocations    | 2 3 4 5 |  5.6

Action                     |  1- 3 |  4- 6 || total
---------------------------+-------+-------++-------
  Melee: Flail             |    29 |    36 ||    65
         Headbutt          |     6 |     7 ||    13
    Use: Potion            |       |     6 ||     6
         Scroll            |       |     1 ||     1
 Armour: Scale mail        |    12 |    31 ||    43
  Dodge: Dodged            |    13 |    16 ||    29
  Block: Buckler           |     5 |    11 ||    16
